[Event "*** Titled Tuesday Blitz"]
[Site "Chess.com"]
[Date "2020.11.10"]
[Round "3"]
[White "cottage_cheese"]
[Black "MariaFominykh"]
[Result "0-1"]
[WhiteElo "2140"]
[BlackElo "2342"]
[TimeControl "180+1"]
[EndTime "10:32:02 PST"]
[Termination "MariaFominykh won on time"]

1. e4 d6 2. d4 Nf6 3. Nc3 e5 4. Nge2 Be7 5. g3 c6 6. Bg2 b5 7. Be3 Ng4 8. Bd2 b4 9. Na4 exd4 10. Nxd4 O-O 11. h3 Ne5 12. O-O Qc7 13. b3 c5 14.
Ne2 Bb7 15. Nf4 Nbd7 16. Nd5 Bxd5 17. exd5 Bf6 18. Rc1 a5 19. f4 Ng6 20. c3 Qa7 21. Kh2 Rfe8 22. Re1 h6 23. Qf3 Ndf8 24. Nb2 bxc3 25.
Bxc3 Bxc3 26. Qxc3 Nh7 27. Nc4 Rxe1 28. Rxe1 Qc7 29.
Re2 Nf6 30. Qf3 a4 31. h4 axb3 32. axb3 Ne7 33. h5 Nexd5 34. Qd3 Nb4 35. Qxd6 Qxd6 36. Nxd6 Rd8 37. Nf5 Kh7 38. Re7 Kg8 39. Bf1 Rd7 0-1

[Event "*** Titled Tuesday Blitz"]
[Site "Chess.com"]
[Date "2020.11.10"]
[Round "3"]
[White "wnstop"]
[Black "Andreikka"]
[Result "1-0"]
[WhiteElo "2721"]
[BlackElo "2957"]
[TimeControl "180+1"]
[EndTime "10:32:03 PST"]
[Termination "wnstop won by resignation"]

1. e4 c6 2. d4 d5 3. e5 Bf5 4.
Bd3 Bxd3 5. Qxd3 e6 6. Ne2 Qa5+ 7. c3 Qa6 8. Qd1 Ne7 9. O-O Nd7 10. Nd2 Nf5 11.
Nf3 Be7 12. Kh1 c5 13. g4 Nh4 14. Nxh4 Bxh4 15. f4 O-O 16. g5 cxd4 17. Nxd4 f6 18. gxf6 gxf6 19. Nf3 fxe5 20. Nxh4 Kh8 21. Be3 Qc4 22. Qh5 Qe4+ 23. Qf3 Qc2 24. Rf2 Qa4 25. Rg1 Rf6 26. Qh3 Qe4+ 27. Qf3 Qc4 28. Qh3 Qe4+ 29. Qg2 Qxg2+ 30. Nxg2 Raf8 31. Rgf1 e4 32. Bd4 e5 33.
fxe5 Rxf2 34. Rxf2 Rxf2 35. Bxf2 b6 36. Bd4 Kg8 37. Ne3 Kf7 38. Nxd5 Ke6 39. Ne3 Nxe5 40. Bxe5 Kxe5 1-0

[Event "*** Titled Tuesday Blitz"]
[Site "Chess.com"]
[Date "2020.11.10"]
[Round "3"]
[White "Hasangatin_Ramil"]
[Black "Loy_Konstantin"]
[Result "0-1"]
[WhiteElo "2556"]
[BlackElo "2395"]
[TimeControl "180+1"]
[EndTime "10:32:03 PST"]
[Termination "Loy_Konstantin won by checkmate"]

1. e4 c5 2. Nf3 d6 3. d4 cxd4 4.
Qxd4 Nc6 5. Bb5 Bd7 6. Bxc6 Bxc6 7. Nc3 h6 8. O-O e5 9. Qd3 Nf6 10. Nd2 Be7 11. Nc4 Qc7 12. Ne3 O-O 13. b3 Rfd8 14.
Bb2 a6 15. a4 b5 16. axb5 axb5 17. Ba3 Rxa3 18. Rxa3 b4 19. Ra6 bxc3 20. Qxc3 Rc8 21. f3 d5 22. exd5 Nxd5 23. Nxd5 Bxd5 24. Qxc7 Rxc7 25. c4 Be6 26. Rd1 Bc5+ 27. Kf1 Bd4 28. Ke2 Kh7 29. g4 Rb7 30. Rd3 Rxb3 31. Rxb3 Bxc4+ 32. Kd2 Bxa6 33. h4 Bc4 34. Rb4 Bd5 35. Ke2 Be6 36.
h5 g6 37. hxg6+ Kxg6 38. Rb8 Kg5 39. Rh8 Bc4+ 40. Kd2 Kf4 41. Rxh6 Kxf3 42. Rh8 Kxg4 43. Rg8+ Kf5 44. Ke1 Bd5 45. Rh8 Be4 46. Rh4 Bd5 47. Kd2 Ke6 48. Rh6+ f6 49. Kd3 Bc6 50. Rh8 Bb5+ 51.
Ke4 f5+ 52. Kf3 Bc6+ 53. Ke2 f4 54. Rh6+ Kd5 55. Rh8 Ke4 56. Rh4 Bb5+ 57. Kd2 Bc4 58. Rg4 Be3+ 59. Kc3 Be2 60. Rg2 f3 61. Rg4+ Kf5 62.
Rh4 f2 63. Rh1 f1=Q 64. Rxf1+ Bxf1 65. Kc2 Kf4 66. Kd1 Kf3 67. Ke1 Bg2 68. Kd1 Bf2 69. Kd2 e4 70. Kc3 e3 71. Kc4 e2 72. Kd5 e1=Q 73.
Kd6 Kf4 74. Kd7 Qd2+ 75. Kc8 Qc3+ 76. Kd7 Bh3+ 77. Kd6 Qc5# 0-1

[Event "*** Titled Tuesday Blitz"]
[Site "Chess.com"]
[Date "2020.11.10"]
[Round "3"]
[White "JRenatoMaranhao"]
[Black "NotFischer"]
[Result "0-1"]
[WhiteElo "1888"]
[BlackElo "2260"]
[TimeControl "180+1"]
[EndTime "10:32:04 PST"]
[Termination "NotFischer won on time"]

1. e4 d5 2. exd5 Nf6 3. Nc3 Nxd5 4. Nf3 Bf5 5. Bc4 Nb6 6. Bxf7+ Kxf7 7. Ne5+ Kg8 8. Qf3 e6 9. g4 Bg6 10. Qxb7 N8d7 11.
Nxg6 hxg6 12. d3 Bd6 13. h3 Nf6 14. Bg5 Be5 15. O-O-O Bxc3 16. bxc3 Nbd5 17. c4 Rb8 18. Qc6 Nc3 19. Qxe6+ Kh7 20. Bxf6 Qxf6 21. Qxf6 gxf6 22. Rde1 Nxa2+ 23. Kd2 Rhe8 24. Rxe8 Rxe8 25. Ra1 Nb4 26. Rxa7 Re7 27. d4 Nc6 28. Ra6 Nxd4 29. Rxf6 Kg7 30. g5 c5 31. h4 Re2+ 32. Kd3 Rxc2 33. f4 Rh2 34. Ke4 Rxh4 35. Kd5 Ne2 36. Kxc5 Nxf4 37. Kd6 Nh3 38. c5 Nxg5 39. Rf1 Rc4 40. c6 Nf7+ 0-1

[Event "*** Titled Tuesday Blitz"]
[Site "Chess.com"]
[Date "2020.11.10"]
[Round "3"]
[White "szachuspl"]
[Black "ChelsieMonica"]
[Result "1-0"]
[WhiteElo "2542"]
[BlackElo "2332"]
[TimeControl "180+1"]
[EndTime "10:32:05 PST"]
[Termination "szachuspl won by resignation"]

1. d4 f5 2. c4 e6 3. Nf3 Nf6 4. e3 Be7 5. Be2 O-O 6. O-O b6 7. Nc3 c6 8. d5 Bd6 9. b3 e5 10. Bb2 Qe7 11. Qd2 c5 12. Nb5 e4 13. Ne1 Na6 14. Nxd6 Qxd6 15. g3 Bb7 16. Ng2 Kh8 17.
h4 Nc7 18. Nf4 Nce8 19. Kg2 Ng4 20. Bxg4 fxg4 21. h5 Nf6 22. h6 g6 23. Qe2 Kg8 24. a4 a5 25. Rh1 Rf7 26. Raf1 Raf8 27. Bxf6 Qxf6 28. Qxg4 Qc3 29. Qd1 g5 30. Nh3 Qb2 31. Rhg1 Kh8 32. Kh1 Rf6 33. Rg2 Qe5 34. Rh2 d6 35.
Qg4 Bc8 36. Qxg5 Rf5 37. Qg7+ Qxg7 38. hxg7+ Kxg7 39. Nf4 Re5 40. Kg2 Bg4 41. Rh4 Bf3+ 42.
Kg1 h5 43. Ne6+ Rxe6 44. dxe6 Re8 45. g4 hxg4 46. Kh2 Rxe6 47. Kg3 Re5 48. Rc1 d5 49. cxd5 Rxd5 50. Rc3 Kf7 51. Rh6 Ke7 52. Rxb6 Rd1 53. Rxc5 Rd6 54. Rxd6 Kxd6 55. Rxa5 1-0

[Event "*** Titled Tuesday Blitz"]
[Site "Chess.com"]
[Date "2020.11.10"]
[Round "3"]
[White "IceBelka"]
[Black "Vsevolod_Ovchinnikov"]
[Result "0-1"]
[WhiteElo "2288"]
[BlackElo "2525"]
[TimeControl "180+1"]
[EndTime "10:32:05 PST"]
[Termination "Vsevolod_Ovchinnikov won by resignation"]

1. e4 g6 2. d4 Bg7 3. Nc3 a6 4. h4 h5 5. Be3 b5 6. Qd2 Bb7 7. f3 d6 8. O-O-O Nd7 9. Nh3 Rc8 10. Ng5 c5 11. e5 dxe5 12. dxe5 Bxe5 13. Nxf7 Kxf7 14. Qxd7 Qc7 15. Qxc7 Rxc7 16. a4 Bxc3 17. bxc3 c4 18. Rd8 Rc8 19. Rd7 Bc6 20. Ra7 Ra8 21. Rc7 Bd5 22. Bc5 Be6 23. g3 Rc8 24. Rxc8 Bxc8 25. Bg2 Nf6 26. Re1 Re8 27. f4 Bd7 28. Kb2 e6 29. Rd1 Rc8 30. Bd4 Bc6 31.
Bxc6 Rxc6 32. Bxf6 Kxf6 33. Ka3 bxa4 34. Kxa4 Kf5 35.
Rd4 Kg4 36. f5+ Kxf5 37. Rf4+ Ke5 38. Kb4 Kd5 39. Rf6 e5 40. Rf8 Ke4 41. Ka5 Ke3 42.
Re8 e4 43. Kb4 Kf3 0-1

[Event "*** Titled Tuesday Blitz"]
[Site "Chess.com"]
[Date "2020.11.10"]
[Round "3"]
[White "ErikBlomqvist"]
[Black "eCztery"]
[Result "0-1"]
[WhiteElo "2489"]
[BlackElo "2290"]
[TimeControl "180+1"]
[EndTime "10:32:05 PST"]
[Termination "eCztery won on time"]

1. e4 c5 2. Nf3 g6 3. d4 cxd4 4. Qxd4 Nf6 5. e5 Nc6 6. Qf4 Nd5 7. Qe4 Nc7 8. Nc3 Bg7 9. Bf4 O-O 10. O-O-O Ne6 11.
Bg3 Qa5 12. Rd5 Nc5 13. Qe3 b6 14. Bc4 Bb7 15. a3 Rac8 16. Rd2 Na4 17. Nxa4 Qxa4 18. Bb3 Qb5 19. a4 Qb4 20. Rxd7 Na5 21. Kb1 e6 22. Rhd1 h6 23. h4 Nxb3 24. Rxb7 Nc5 25.
Rd4 Qa5 26. Re7 Nxa4 27. Qa3 Qb5 28. Qxa4 Qf1+ 29. Ka2 Rc5 30. Qa3 Ra5 31. Ra4 Rc5 32. Qd3 Qc1 33. Raxa7 Rxc2 34. Qb3 Qd1 35. Red7 Qc1 36.
Rdb7 Rc5 37. Rxb6 Qd2 38. Rb8 Qd5 0-1

[Event "*** Titled Tuesday Blitz"]
[Site "Chess.com"]
[Date "2020.11.10"]
[Round "3"]
[White "Zhani-Z"]
[Black "Chess2019Player"]
[Result "1-0"]
[WhiteElo "2514"]
[BlackElo "2260"]
[TimeControl "180+1"]
[EndTime "10:32:05 PST"]
[Termination "Zhani-Z won on time"]

1. e4 e6 2. d4 d5 3. Nd2 Be7 4.
e5 c5 5. c3 Nc6 6. Bd3 cxd4 7.
cxd4 Qb6 8. Ndf3 f6 9. exf6 Nxf6 10. Ne2 O-O 11. O-O Ne4 12. Ng3 e5 13. Nxe4 dxe4 14. Bxe4 exd4 15. a3 Bg4 16. Qd3 h6 17. Bd2 Rad8 18.
Rfe1 Bf6 19. b4 Kh8 20. Rac1 Bxf3 21. Qxf3 Ne5 22. Qh3 Be7 23. f4 Qf6 24. Rf1 Nc6 25. Bd3 Bd6 26. Qf3 Bb8 27. Qe4 g6 28. Qxg6 Qxg6 29.
Bxg6 Ne7 30. Bd3 Nd5 31. g3 Ne3 32. Rfe1 Nd5 33. Rc4 a6 34. Kg2 Nf6 35. Rc5 Nd5 36. Rc4 Nf6 37. Rec1 Ba7 38. Kf3 Rd7 39. Rc8 1-0

[Event "*** Titled Tuesday Blitz"]
[Site "Chess.com"]
[Date "2020.11.10"]
[Round "3"]
[White "IngOscarArdila"]
[Black "UmarovSabir"]
[Result "1-0"]
[WhiteElo "2134"]
[BlackElo "2304"]
[TimeControl "180+1"]
[EndTime "10:32:05 PST"]
[Termination "IngOscarArdila won on time"]

1. d4 g6 2. c4 Bg7 3. Nc3 c6 4. e4 d6 5. Nf3 Bg4 6. Be2 Qb6 7. d5 Bxc3+ 8. bxc3 Nf6 9. Qc2 Bxf3 10. Bxf3 Nbd7 11.
Be3 Qa6 12. Be2 cxd5 13. cxd5 Qa5 14. O-O O-O 15. Rab1 Qc7 16. Bd4 Rfc8 17. f4 Nc5 18. Bf3 Nfd7 19. Qe2 e5 20. dxe6 fxe6 21. e5 d5 22. g4 Rf8 23. Bg2 Rae8 24. Rf2 b6 25. Rbf1 Na4 26. f5 Nxc3 27. Qc2 Nb5 28. Qxc7 Nxc7 29.
fxe6 Rxf2 30. Rxf2 Nxe6 31. Bxd5 Kg7 32. Bb2 Ndc5 33. Rf6 Rf8 34. g5 Rxf6 35. exf6+ Kf7 36. h4 Nd7 37. Kf2 Nc5 38. Ke3 Na4 39. Bd4 Nc5 40.
Bxc5 bxc5 41. Ke4 1-0

[Event "*** Titled Tuesday Blitz"]
[Site "Chess.com"]
[Date "2020.11.10"]
[Round "3"]
[White "H3nriqueTV"]
[Black "annacramling"]
[Result "1/2-1/2"]
[WhiteElo "2270"]
[BlackElo "2017"]
[TimeControl "180+1"]
[EndTime "10:32:07 PST"]
[Termination "Game drawn by repetition"]

1. b3 e5 2. Bb2 Nf6 3. e3 Nc6 4. Bb5 Bd6 5. Na3 a6 6. Bxc6 dxc6 7. Nc4 O-O 8. Nxe5 Ne4 9. Ngf3 Re8 10. Nc4 Bg4 11.
Nxd6 cxd6 12. d3 Ng5 13. h3 Nxf3+ 14. gxf3 Be6 15. Qd2 a5 16. Rg1 f6 17. e4 Kh8 18.
O-O-O a4 19. Rxg7 Kxg7 20. Rg1+ Kf7 21. Qh6 Rg8 22. Qxh7+ Kf8 23. Qh6+ Kf7 24. Rxg8 Qxg8 25. Qxf6+ Ke8 26. f4 axb3 27. axb3 Bxh3 28. Qxd6 Qg1+ 29.
Kd2 Qxf2+ 30. Kc3 Qe1+ 31. Kc4 b5+ 32. Kc5 Qf2+ 33. Kxc6 Rc8+ 34. Kxb5 Qa7 35. Bd4 Qb7+ 36. Bb6 Bd7+ 37. Kb4 Rc6 38. Qe5+ Re6 39. Qh8+ Ke7 40.
Qg7+ Ke8 41. Qg8+ Ke7 42. Qg7+ Ke8 43. Qg8+ Ke7 44. Qg7+ 1/2-1/2

[Event "*** Titled Tuesday Blitz"]
[Site "Chess.com"]
[Date "2020.11.10"]
[Round "3"]
[White "Omk124"]
[Black "elcandado"]
[Result "0-1"]
[WhiteElo "2392"]
[BlackElo "2605"]
[TimeControl "180+1"]
[EndTime "10:32:08 PST"]
[Termination "elcandado won by resignation"]

1. e4 d6 2. d4 Nf6 3. Nc3 e5 4. dxe5 dxe5 5. Qxd8+ Kxd8 6. Nf3 Bd6 7. Bc4 Ke8 8. Bg5 Nbd7 9. O-O-O a6 10. a4 h6 11. Bh4 g6 12. h3 Kf8 13. Rhe1 Kg7 14. Bg3 Re8 15. Bb3 Nc5 16. Ba2 Rb8 17. a5 Ncd7 18. Nd2 Bb4 19. Nc4 Nh5 20. Rxd7 Bxd7 21. Bxe5+ Kg8 22. Bxc7 Rbc8 23. Bd6 Bxc3 24. bxc3 Be6 25.
Nb6 Bxa2 26. Nxc8 Rxc8 27. Be5 Rd8 28. g4 Ng7 29. Kb2 Bc4 30. f4 Ne6 31. f5 Ng5 32. Re3 Rd1 33. h4 Nh7 34. Bd4 Nf8 35. e5 Rf1 36.
fxg6 fxg6 37. h5 g5 38. Bc5 Ne6 39. Re4 Bd5 40. Rb4 Nxc5 41. Rd4 Bc6 42. Rd8+ Kf7 43. Rd6 Ne6 44. c4 Ke7 45. Rd3 Rf4 46. c5 Rxg4 0-1

[Event "*** Titled Tuesday Blitz"]
[Site "Chess.com"]
[Date "2020.11.10"]
[Round "3"]
[White "MasterMK73"]
[Black "chenxiaoyuer"]
[Result "0-1"]
[WhiteElo "2247"]
[BlackElo "2506"]
[TimeControl "180+1"]
[EndTime "10:32:08 PST"]
[Termination "chenxiaoyuer won on time"]

1. e4 c5 2. Nf3 d6 3. Bb5+ Nd7 4. O-O Nf6 5. Re1 a6 6. Bf1 b6 7. c3 Bb7 8. d3 g6 9. Nbd2 Bg7 10. d4 O-O 11. e5 Nd5 12. a4 cxd4 13. cxd4 Rc8 14. Nc4 dxe5 15. dxe5 Nc5 16. Nd4 Nb4 17. Be3 Qc7 18. Qd2 Nd5 19. b4 Ne4 20. Qb2 Bxe5 21. Nxe5 Qxe5 22. Bh6 Rfd8 23. f3 Ndc3 24. Nb3 Qh5 25.
Bf4 Nd6 26. Rac1 Nxa4 27. Qa1 b5 28. Rxe7 Qd5 29. Bxd6 Rxc1 30. Qxc1 Rxd6 31. Nc5 Nxc5 32. bxc5 Re6 33. Rxe6 Qxe6 34. Qc3 Bc6 35. Qa5 Qe3+ 36. Kh1 Qf2 37. h3 Qxf1+ 38. Kh2 Qf2 39. Qd8+ Kg7 40.
Qd6 Bxf3 41. Qe5+ f6 42. Qe7+ Kh6 43. Qf8+ Kh5 0-1

[Event "*** Titled Tuesday Blitz"]
[Site "Chess.com"]
[Date "2020.11.10"]
[Round "3"]
[White "ChessWarrior3"]
[Black "ZverevLev"]
[Result "1-0"]
[WhiteElo "2060"]
[BlackElo "2269"]
[TimeControl "180+1"]
[EndTime "10:32:08 PST"]
[Termination "ChessWarrior3 won by resignation"]

1. e4 b6 2. d4 Bb7 3. Nc3 g6 4. f4 Bg7 5. Nf3 e6 6. Bc4 Ne7 7. O-O d5 8. exd5 exd5 9. Bd3 O-O 10. Be3 Nd7 11. Qd2 c5 12. Ne5 cxd4 13. Bxd4 Nxe5 14. Bxe5 d4 15. Ne4 f6 16. Bd6 Bxe4 17. Bxe4 Qxd6 18. Bxa8 Rxa8 19. c3 f5 20. Rad1 Rd8 21. Qe2 d3 22.
Qe3 Bf6 23. Rfe1 Kf7 24. Rd2 Nd5 25. Qxd3 Qc5+ 26. Kh1 Nxf4 27. Qc2 Rd5 28. Qb3 Kg7 29. Rxd5 Nxd5 30. Qa4 Qf2 31. Rg1 Bg5 32. Qd7+ Ne7 33. Qxa7 Kh6 34. Qd7 Be3 35. Rd1 Qe2 36. Qd3 Qxd3 37.
Rxd3 Bc1 38. b3 Nc6 39. a4 Na5 40. b4 Nc4 41. Rd4 Nb2 42. a5 Be3 43. axb6 1-0

[Event "*** Titled Tuesday Blitz"]
[Site "Chess.com"]
[Date "2020.11.10"]
[Round "3"]
[White "temus_galaktionov"]
[Black "Zhuu96"]
[Result "0-1"]
[WhiteElo "2644"]
[BlackElo "2891"]
[TimeControl "180+1"]
[EndTime "10:32:09 PST"]
[Termination "Zhuu96 won by resignation"]

1. d4 Nf6 2. Nf3 d5 3. c4 c6 4.
Qb3 e6 5. Nc3 dxc4 6. Qxc4 b5 7.
Qd3 Nbd7 8. e4 a6 9. Bg5 Qa5 10. Bd2 b4 11. Ne2 c5 12. d5 Bb7 13. Nf4 exd5 14. exd5 Bd6 15. Be2 O-O 16. O-O Rfe8 17.
Rfe1 c4 18. Qxc4 Re4 19. Qc2 Rc8 20. Qd1 Bxf4 21. Bd3 Rxe1+ 22. Bxe1 Qxd5 23. Bxb4 Ne5 24. Be2 Qxd1+ 25. Rxd1 Nxf3+ 26. Bxf3 Bxf3 27. gxf3 Rc1 28. Rxc1 Bxc1 29. b3 Nd5 30. Ba5 f6 31. Kf1 Kf7 32.
Ke2 Ke6 33. Kd3 g5 34. Kc4 Kd6 35. a4 Bf4 36. h3 Be5 37. b4 Nf4 38. b5 axb5+ 39.
Kxb5 Bd4 40. Bb4+ Kd5 41. a5 Nxh3 42. a6 Nxf2 43. Ba5 Nd1 44. Bb6 Nc3+ 45. Ka5 Bxb6+ 46. Kxb6 Kd6 47. a7 Nd5+ 48. Kb5 Nc7+ 49. Kc4 h5 50. Kd4 h4 51. Ke4 h3 52. f4 h2 53. fxg5 h1=Q+ 54. Kf5 Qf3+ 55. Kg6 Na8 56. gxf6 Ke6 57. f7 Qg4+ 58.
Kh6 Kxf7 0-1

[Event "*** Titled Tuesday Blitz"]
[Site "Chess.com"]
[Date "2020.11.10"]
[Round "3"]
[White "KononenkoD"]
[Black "vladislavkovalev"]
[Result "0-1"]
[WhiteElo "2604"]
[BlackElo "2860"]
[TimeControl "180+1"]
[EndTime "10:32:09 PST"]
[Termination "vladislavkovalev won by resignation"]

1. d4 Nf6 2. c4 g6 3. Nc3 Bg7 4.
Nf3 d6 5. g3 O-O 6. Bg2 Nc6 7.
O-O e5 8. d5 Nb8 9. e4 a5 10.
Ne1 Na6 11. Nd3 Nd7 12. f4 exf4 13. Bxf4 Nb6 14. Qb3 Bd7 15. a4 Qe7 16. Rae1 Nb4 17. Nb5 Bxb5 18. cxb5 Nxd3 19. Qxd3 Nxa4 20. b3 Nc5 21. Qc4 b6 22. e5 Bxe5 23. Bxe5 dxe5 24. d6 cxd6 25. Bxa8 Rxa8 26. Rd1 Rd8 27. Qd5 Qe6 28. Qc6 d5 29. Rf6 Qe7 30. Qxb6 Nd7 31. Qc7 Qxf6 32. Rxd5 e4 33. Rxd7 Qa1+ 34. Kg2 Qb2+ 35. Kh3 Rxd7 36. Qxd7 Qxb3 37. Qd8+ Kg7 38. Qd4+ Kh6 39. Qxe4 Qxb5 40. Qe3+ Qg5 41. Qa7 Qf5+ 42. Kg2 Qd5+ 43. Kh3 Kg7 44. Qa6 Qe6+ 45. Qxe6 fxe6 0-1

[Event "*** Titled Tuesday Blitz"]
[Site "Chess.com"]
[Date "2020.11.10"]
[Round "3"]
[White "Chopper1905"]
[Black "Margency"]
[Result "1-0"]
[WhiteElo "2935"]
[BlackElo "2690"]
[TimeControl "180+1"]
[EndTime "10:32:10 PST"]
[Termination "Chopper1905 won by checkmate"]

1. Nf3 d5 2. g4 Bxg4 3. Bg2 c6 4. b3 Nf6 5. Bb2 e6 6. d3 Nbd7 7. Nbd2 Bd6 8. e3 O-O 9. Qe2 a5 10. a3 Qc7 11. h3 Bh5 12. O-O Rfe8 13. Kh1 e5 14. e4 Nf8 15. Qe3 Ng6 16. Rg1 h6 17. Nh2 b5 18. Bf3 d4 19. Qe1 Bxf3+ 20. Ndxf3 Nh5 21.
Bc1 a4 22. Ng4 Bf8 23. Qd1 c5 24. Nh4 Nhf4 25. Bxf4 exf4 26. bxa4 Rxa4 27. Nf5 Kh7 28. h4 Ne5 29. Nfxh6 Ra6 30. Nxe5 Rxe5 31. Ng4 Ree6 32.
Qf3 c4 33. Rab1 cxd3 34. cxd3 Rxa3 35. Rxb5 g6 36. h5 Qc6 37. hxg6+ fxg6 38. Rg5 Qc2 39.
Qh3+ Kg8 40. Nh6+ Kg7 41. Qxe6 Kxh6 42. Qxg6# 1-0

[Event "*** Titled Tuesday Blitz"]
[Site "Chess.com"]
[Date "2020.11.10"]
[Round "3"]
[White "IMDT02"]
[Black "indfraeng"]
[Result "0-1"]
[WhiteElo "2590"]
[BlackElo "2390"]
[TimeControl "180+1"]
[EndTime "10:32:11 PST"]
[Termination "indfraeng won by resignation"]

1. Nf3 Nf6 2. b3 c6 3. Bb2 d5 4. e3 Nbd7 5. d4 g6 6. Nbd2 Bg7 7. Bd3 O-O 8. O-O Re8 9. Ne5 Nxe5 10. dxe5 Ng4 11. Nf3 Qc7 12. c4 Nxe5 13. Nxe5 Bxe5 14. Bxe5 Qxe5 15. cxd5 cxd5 16. Rc1 Bf5 17. Bxf5 Qxf5 18. Rc7 b6 19. Qd4 Qe6 20. Rfc1 Rac8 21. h3 Rxc7 22. Rxc7 Rc8 23. Rxa7 Rc1+ 24. Kh2 Qd6+ 25. f4 Rc8 26. Rb7 Rc5 27. b4 Rc4 28. Qxb6 Qxb6 29. Rxb6 Rc3 30. a4 Rxe3 31. a5 d4 32. a6 Ra3 33. b5 Kg7 34.
Rb7 Ra5 35. a7 d3 36. b6 Rd5 37. Rxe7 d2 38. a8=Q d1=Q 39. Re8 Qd2 40. Qb8 Rd6 41. Rg8+ Kf6 42. Qc7 Qxf4+ 0-1

[Event "*** Titled Tuesday Blitz"]
[Site "Chess.com"]
[Date "2020.11.10"]
[Round "3"]
[White "Ariadna_Atreides"]
[Black "Tashik"]
[Result "1-0"]
[WhiteElo "2114"]
[BlackElo "2468"]
[TimeControl "180+1"]
[EndTime "10:32:11 PST"]
[Termination "Ariadna_Atreides won on time"]

1. d4 Nf6 2. Nf3 d5 3. e3 c5 4. Bd3 Nc6 5. h3 e6 6. O-O Bd6 7. b3 e5 8. dxe5 Nxe5 9. Bb5+ Bd7 10. Bxd7+ Qxd7 11. Bb2 Qe7 12. Nbd2 O-O 13. Nxe5 Bxe5 14. Bxe5 Qxe5 15. Nf3 Qe7 16. Qd3 Rfd8 17. Rfd1 Rd6 18.
c4 Rad8 19. cxd5 Rxd5 20. Qc2 Qd6 21. Rxd5 Qxd5 22. Rc1 b6 23. a3 a5 24. Qc4 h6 25.
Qxd5 Rxd5 26. b4 cxb4 27. axb4 axb4 28. Rb1 Ra5 29. Rxb4 Nd5 30. Rb2 b5 31. Nd4 b4 32.
Nc6 Ra1+ 33. Kh2 Ra4 34. Rd2 Nc3 35. Rd8+ Kh7 36. Rb8 Ra2 37. Nxb4 Rxf2 38. Kg3 Re2 39. Kf3 Rd2 40. Rb7 Kg6 41. Rb6+ 1-0

[Event "*** Titled Tuesday Blitz"]
[Site "Chess.com"]
[Date "2020.11.10"]
[Round "3"]
[White "elohunter1999"]
[Black "Grandelicious"]
[Result "1/2-1/2"]
[WhiteElo "2555"]
[BlackElo "2801"]
[TimeControl "180+1"]
[EndTime "10:32:12 PST"]
[Termination "Game drawn by repetition"]

1. e4 c6 2. Nc3 d5 3. Nf3 dxe4 4.
Nxe4 Nf6 5. Qe2 Bf5 6. Nxf6+ gxf6 7. d3 Nd7 8. g3 Nb6 9. Bg2 Qd7 10. h3 O-O-O 11.
Bd2 e5 12. O-O-O Be6 13. Ba5 Qd5 14. Bxb6 axb6 15. c4 Qa5 16. Kb1 b5 17. Nd2 bxc4 18.
Nxc4 Qa7 19. Rc1 Kb8 20. Rc3 Bc5 21. Rb3 Bd5 22. Be4 Bxc4 23. dxc4 Kc7 24. Rf3 Rd6 25. Rd1 Rhd8 26. Rxd6 Rxd6 27. Rd3 Bxf2 28. Rxd6 Kxd6 29. Qd3+ Bd4 30. Bxh7 Qa5 31. a3 Qe1+ 32. Ka2 Qf2 33. Qb3 Kc7 34. c5 Bxc5 35. Qxf7+ Kb8 36. g4 Bd4 37. Qb3 Qg2 38. Bf5 e4 39. Qb4 Be5 40. Bxe4 Qxh3 41. Bxc6 Qh7 42. Be4 Qf7+ 43. Qb3 Qxb3+ 44.
Kxb3 Kc7 45. Kc2 b6 46. b4 Bf4 47. Kb3 Kb8 48. Kc4 Ka7 49. Kb5 Bc1 50. a4 Bd2 51. a5 bxa5 52. bxa5 Be3 53. a6 Bg5 54. Bb7 Bh4 55. Kc4 Bg5 56. Kb5 Bh4 57. Kc4 Bg5 58. Kb5 1/2-1/2

[Event "*** Titled Tuesday Blitz"]
[Site "Chess.com"]
[Date "2020.11.10"]
[Round "3"]
[White "scarabee43"]
[Black "Harsha_Bharathakoti"]
[Result "1-0"]
[WhiteElo "2574"]
[BlackElo "2807"]
[TimeControl "180+1"]
[EndTime "10:32:12 PST"]
[Termination "scarabee43 won by resignation"]

1. Nf3 g6 2. c4 Bg7 3. d4 d6 4. Nc3 Nd7 5. e4 e5 6. d5 Ne7 7.
Be2 O-O 8. O-O h6 9. a3 f5 10. b4 Nf6 11. Nd2 fxe4 12. Ndxe4 Nf5 13. Re1 Nd4 14. Be3 Bf5 15. Nxf6+ Qxf6 16. Bd3 Rae8 17. Ne4 Qh4 18. f3 b6 19. Ra2 Qd8 20. Ng3 Bxd3 21.
Qxd3 Nf5 22. Ne4 Qd7 23. c5 dxc5 24. bxc5 Nd4 25. Bxd4 exd4 26. Qc4 Kh7 27. Rae2 Rd8 28. d6 bxc5 29. Nxc5 Qxd6 30. Ne6 d3 31. Nxf8+ Rxf8 32. Re6 d2 33. Rd1 Qd4+ 34. Qxd4 Bxd4+ 35. Kf1 Bc3 36. Re3 Ba5 37. Re7+ Kg8 38. Ke2 Rb8 39. Re5 Bc3 40. Rc5 Rb3 41. Rxc7 Rxa3 42. Rb1 Bg7 43. Rb8+ Bf8 44.
Rcc8 Rd3 45. Rxf8+ Kg7 46. Kd1 1-0

[Event "*** Titled Tuesday Blitz"]
[Site "Chess.com"]
[Date "2020.11.10"]
[Round "3"]
[White "cassoulet"]
[Black "Dinamo3"]
[Result "1/2-1/2"]
[WhiteElo "2642"]
[BlackElo "2414"]
[TimeControl "180+1"]
[EndTime "10:32:12 PST"]
[Termination "Game drawn by repetition"]

1. e4 c5 2. Nf3 d6 3. d4 cxd4 4.
Nxd4 Nf6 5. Nc3 a6 6. Bc4 e6 7.
Bb3 b5 8. f4 b4 9. Na4 Nxe4 10.
f5 Qh4+ 11. g3 Nxg3 12. Nf3 Qh3 13. fxe6 Bxe6 14. Rg1 Ne4 15. Qe2 Qf5 16. Nd4 Qe5 17. Nxe6 fxe6 18. Nb6 Ra7 19. Nc4 Qf5 20. Rf1 Qg6 21.
Be3 Rf7 22. O-O-O Be7 23. Rxf7 Qxf7 24. Rf1 Qg6 25. Rg1 Qf7 26. Bd4 Nf6 27. Nxd6+ Bxd6 28. Bxe6 Qe7 29. Bxf6 gxf6 30. Qh5+ Kd8 31. Qd5 Kc7 32.
Rg4 Nd7 33. Rc4+ Nc5 34. a3 Kb8 35. Bg4 Qe5 36. Qc6 bxa3 37. bxa3 Qe1+ 38. Kb2 Be5+ 39. c3 Qd2+ 40. Kb1 Qe1+ 41. Ka2 Qd2+ 42. Kb1 Qe1+ 43. Kc2 Qf2+ 44. Kb1 Qe1+ 1/2-1/2

[Event "*** Titled Tuesday Blitz"]
[Site "Chess.com"]
[Date "2020.11.10"]
[Round "3"]
[White "grunbergmihai"]
[Black "PavelShkapenko"]
[Result "1/2-1/2"]
[WhiteElo "2473"]
[BlackElo "2658"]
[TimeControl "180+1"]
[EndTime "10:32:13 PST"]
[Termination "Game drawn - insufficient material"]

1. Nf3 Nf6 2. c4 e6 3. g3 b6 4.
Bg2 Bb7 5. O-O Be7 6. d4 O-O 7.
Nc3 Ne4 8. Bd2 Nxc3 9. Bxc3 Be4 10. d5 f5 11. dxe6 dxe6 12. Nd4 Bxg2 13. Kxg2 Qd7 14. e3 Nc6 15. Nb5 Bd6 16. Qb3 Rad8 17. Rad1 Qf7 18. Rd2 e5 19. Rfd1 f4 20. exf4 exf4 21. Nxd6 Rxd6 22. Rxd6 cxd6 23. Rxd6 fxg3 24. c5 Qxb3 25. axb3 gxf2 26. Kf1 Ne7 27. Rd7 Nf5 28. Kxf2 bxc5 29. Rxa7 h6 30. Rc7 Rf7 31. Rxf7 Kxf7 32. b4 cxb4 33.
Bxb4 Ke6 34. Bc3 g6 35. Kf3 Kd5 36. Bd2 Kc4 37. Ke4 Kb3 38. Bc3 Kc4 39. Ke5 Ne3 40. Kf6 Ng4+ 41. Kxg6 Nxh2 42. Kxh6 Nf3 43. Kg6 Ng1 44.
Kf5 Ne2 45. Ke6 Nxc3 46. bxc3 Kxc3 1/2-1/2

[Event "*** Titled Tuesday Blitz"]
[Site "Chess.com"]
[Date "2020.11.10"]
[Round "3"]
[White "ChristopherYoo"]
[Black "smartinusa"]
[Result "0-1"]
[WhiteElo "2847"]
[BlackElo "2637"]
[TimeControl "180+1"]
[EndTime "10:32:14 PST"]
[Termination "smartinusa won by resignation"]

1. Nf3 c5 2. c4 Nc6 3. Nc3 g6 4. g3 Bg7 5. Bg2 d6 6. O-O e6 7.
Rb1 Nge7 8. a3 O-O 9. b4 b6 10. Qb3 Bb7 11. d3 Nf5 12. e3 cxb4 13. axb4 a5 14.
bxa5 Nxa5 15. Qb4 Nc6 16. Qb3 Na5 17. Qc2 Rc8 18. Bd2 d5 19. cxd5 exd5 20. d4 Nc4 21.
Qb3 Ba6 22. Rfc1 h5 23. Bf1 h4 24. Na2 hxg3 25. hxg3 Qf6 26. Nb4 Bb7 27. Kg2 g5 28.
Nd3 g4 29. Nfe5 Nxd2 30. Qd1 Nxb1 31. Rxb1 Qe6 32. Nf4 Qh6 33. Qxg4 Ne7 34. Bd3 f5 35. Qf3 Bxe5 36. dxe5 Ng6 37. Rh1 Nxf4+ 38. exf4 Qg7 39. Qh5 d4+ 40. f3 Rc3 41. Bxf5 Bxf3+ 42. Qxf3 Rxf3 43. Be6+ Rf7 44. Kxf3 Qg6 45. f5 Qg5 46. Bxf7+ Kxf7 47.
Ke4 Qe3+ 48. Kd5 Qf3+ 0-1